 Dungeon Crawl Stone Soup version 0.30.0-10-gfe55d96785 (webtiles) character file.

Game seed: 7474930274653362635

32 monsoonserge the Sneak (level 3, -3/24 HPs)
             Began as a Formicid Enchanter on May 16, 2023.
             Slain by a goblin
             ... wielding a +0 club
             ... led by Robin
              (4 damage)
             ... on level 2 of the Dungeon.
             The game lasted 00:06:07 (932 turns).

monsoonserge the Sneak (Formicid Enchanter)          Turns: 932, Time: 00:06:08

Health: -3/24      AC:  3    Str: 12    XL:     3   Next: 42%
Magic:  2/6        EV: 12    Int: 16    God:
Gold:   94         SH:  0    Dex: 14    Spells: 1/6 levels left

rFire   . . .        a - +1 dagger
rCold   . . .        (no shield)
rNeg    . . .        e - +0 leather armour
rPois   .            (helmet unavailable)
rElec   .            (no cloak)
rCorr   .            (no gloves)
SInv    +            (no boots)
Will    .....        (no amulet)
Stlth   ++           (no ring)
HPRegen 0.24/turn    (no ring)
MPRegen 0.10/turn

%: no passive effects
@: no status effects
A: permanent stasis, dig shafts and tunnels, antennae 3, four strong arms
a: Dig, Shaft Self


You were on level 2 of the Dungeon.
You visited 1 branch of the dungeon, and saw 2 of its levels.

You collected 94 gold pieces.

Inventory:

Hand Weapons
 a - a +1 dagger (weapon)
Missiles
 b - 5 boomerangs
Armour
 e - a +0 leather armour (worn)
 l - +0 ice dragon scales
Scrolls
 f - a scroll of noise {unknown}
 h - a scroll of identify {unknown}
 i - a scroll of enchant weapon {unknown}
 j - a scroll of amnesia {unknown}
Potions
 c - 2 potions of invisibility
 d - 2 potions of curing {unknown}
 g - a potion of flight {unknown}
 k - a potion of resistance {unknown}


   Skills:
 + Level 0.1 Fighting
 + Level 1.4 Short Blades
 * Level 0.5 Armour
 + Level 2.1 Dodging
 + Level 4.0 Stealth
 + Level 2.3 Spellcasting
 + Level 3.9 Hexes
 * Level 0.3 Ice Magic


You had one spell level left.
You knew the following spells:

 Your Spells              Type           Power      Damage    Failure   Level
a - Ensorcelled Hibernat  Hex/Ice        16%        N/A       16%         2
b - Confusing Touch       Hex            14%        N/A       16%         3

Your spell library contained the following spells:

 Spells                   Type           Power      Damage    Failure   Level
 Tukima's Dance           Hex            14%        N/A       16%         3
 Dazzling Flash           Conj/Hex       16%        N/A       34%         3


Dungeon Overview and Level Annotations

Branches:
Dungeon (2/15)

Altars:

Annotations:
D:2 Robin


Innate Abilities, Weirdness & Mutations

You cannot be hasted, slowed, berserked, paralysed or teleported.
You can dig through walls and to a lower floor.
You have a pair of large antennae on your head. (SInv)
Your four strong arms can wield two-handed weapons with a shield.


Message History

The goblins go into a battle-frenzy!
The goblin shoots a sling bullet.
The sling bullet hits you but does no damage.
A goblin comes into view. It is wielding a +0 dagger.
Robin throws the goblin at you!
The goblin shoots a sling bullet.
The sling bullet hits you.
A hobgoblin comes into view.
A goblin comes into view. It is wielding a +0 club.
The goblin shoots a sling bullet.
The sling bullet hits you. The goblin attacks as you move away!
The goblin barely misses you.
The goblin unwields a +0 sling.
The goblin wields a +0 club.
The goblin hits you with a +0 club.
You barely miss the goblin. The goblin closely misses you.
You barely miss the goblin. The goblin hits you with a +0 club.
The goblin hits you but does no damage.
You hit the goblin.
The goblin is severely wounded.
The goblin hits you but does no damage. The goblin hits you with a +0 dagger.
* * * LOW HITPOINT WARNING * * *
You hit the goblin.
You kill the goblin!
The goblin hits you with a +0 club.
* * * LOW HITPOINT WARNING * * *
Unknown command.
Casting: Ensorcelled Hibernation (safe; 16% risk of failure)
Confirm with . or Enter, or press ? or * to list all spells.
Aiming: Ensorcelled Hibernation (safe; 16% risk of failure)
Press: ? - help, Shift-Dir - straight line, f - goblin
Aim: a goblin, wielding a +0 club (strong, chance to affect: 59%)
The goblin resists with significant effort.
The goblin hits you with a +0 club.
* * * LOW HITPOINT WARNING * * *
Casting: Ensorcelled Hibernation (safe; 16% risk of failure)
Confirm with . or Enter, or press ? or * to list all spells.
Aiming: Ensorcelled Hibernation (safe; 16% risk of failure)
Press: ? - help, Shift-Dir - straight line, f/p - goblin
Aim: a goblin, wielding a +0 club (strong, chance to affect: 59%)
The goblin resists with significant effort.
The goblin hits you with a +0 club.
You die...

#.#.........#.......# #.#
...######.#.#.....#.# #.#
...'....#.#.........#####.###
...####.#.#.....#...##......#
...# #...#........#.##.#.# #..#
###.##......<# #..#.# ...#
#............#..#.# #.##
################.#.# #.#
.gggggg@)..........#
#.#######################.###
#...........>############.#######
############.##.................#
#....#.#########.#####.#
#....#.#.........# #.#
#....#.#.#####.... #.#
#....#.#.########## #.#
#....#...........# #[#


You could see Robin, a hobgoblin (strong) and 4 goblins.

Vanquished Creatures
  A worm (D:2)
  2 endoplasms (D:1)
  A giant cockroach (D:1)
  4 goblins
  2 hobgoblins
  3 jackals (D:1)
  2 kobolds (D:1)
  A quokka (D:1)
  A ball python (D:1)
  5 bats (D:1)
  A frilled lizard (D:1)
  2 rats (D:1)
25 creatures vanquished.

Notes
Turn   | Place    | Note
-------+----------+-------------------------------------------
     0 | D:1      | monsoonserge the Formicid Enchanter began the quest for the
                  | Orb.
     0 | D:1      | Reached XP level 1. HP: 13/13 MP: 3/3
    87 | D:1      | Reached XP level 2. HP: 14/19 MP: 5/5
   199 | D:1      | Reached skill level 4 in Stealth
   233 | D:1      | Learned a level 2 spell: Ensorcelled Hibernation
   344 | D:1      | Found a faded altar of an unknown god.
   385 | D:1      | Reached XP level 3. HP: 17/24 MP: 6/6
   712 | D:2      | Learned a level 3 spell: Confusing Touch
   923 | D:2      | Noticed Robin
   931 | D:2      | HP: 1/24 [goblin/+0 club[Robin] (2)]
   932 | D:2      | Slain by a goblin

Illustrated notes

Levels and vault maps discovered:
D:1:      dpeg_arrival_tiny_i, layout_rooms,
          hellmonk_ecumenical_altar_leap_of_faith
D:2:      layout_basic, uniq_crazy_yiuf_cottage, uniq_robin

Skill      XL: |  1  2 |
---------------+-------+-----
Dodging        | 2 |  2.1
Stealth        | 4 |  4.0
Fighting       | |  0.1
Short Blades   | |  1.4
Armour         | |  0.5
Spellcasting   | |  2.3
Hexes          | |  3.9
Ice Magic      | |  0.3

Action                     || total
---------------------------++-------
  Melee: Dagger            ||   132
   Cast: Ensorcelled Hiber ||     4
Ability: Dig               ||     3
   Stab: Sleeping          ||     3
 Armour: Robe              ||    26
         Leather armour    ||    13
  Dodge: Dodged            ||    84
